 Dungeon Crawl Stone Soup version 0.31-a0-441-g867994ef1c (webtiles) character file.

Game seed: 5635725336816741638

49 CraigForest the Shooter (level 4, 0/34 HPs)
             Began as a Formicid Hunter on Aug 3, 2023.
             Slain by a gnoll
             ... wielding a +0 quarterstaff
             ... led by a gnoll bouda
              (4 damage)
             ... on level 3 of the Dungeon.
             The game lasted 00:09:12 (1413 turns).

CraigForest the Shooter (Formicid Hunter)           Turns: 1413, Time: 00:09:12

Health: 0/34       AC:  7    Str: 16    XL:     4   Next: 1%
Magic:  4/4        EV:  9    Int:  8    God:
Gold:   51         SH:  5    Dex: 19    Spells: 3/3 levels left

rFire   . . .        a - +0 shortbow
rCold   . . .        n - +0 buckler
rNeg    . . .        h - +1 scale mail
rPois   .            (helmet unavailable)
rElec   .            (no cloak)
rCorr   .            (no gloves)
SInv    +            (no boots)
Will    +....        (no amulet)
Stlth   +            p - ring of willpower
HPRegen 0.25/turn    (no ring)
MPRegen 0.09/turn

%: no passive effects
@: no status effects
A: permanent stasis, dig shafts and tunnels, antennae 3, four strong arms
a: Dig, Shaft Self


You were on level 3 of the Dungeon.
You visited 1 branch of the dungeon, and saw 3 of its levels.

You collected 51 gold pieces.

Inventory:

Hand Weapons
 a - a +0 shortbow (weapon)
Missiles
 l - a throwing net
Armour
 c - a +0 leather armour
 h - a +1 scale mail (worn)
 n - a +0 buckler (worn)
Jewellery
 p - a ring of willpower (left hand)
Scrolls
 b - a scroll of butterflies
 i - a scroll of enchant armour
Potions
 d - a potion of enlightenment
 e - a potion of magic
 f - a potion of brilliance {unknown}
 g - a potion of heal wounds {unknown}
 k - a potion of curing {unknown}


   Skills:
 + Level 2.4 Fighting
 + Level 4.8 Ranged Weapons
 * Level 0.7 Armour
 + Level 1.9 Dodging
 + Level 1.2 Stealth
 + Level 1.3 Shields


You had 3 spell levels left.
You didn't know any spells.
Your spell library was empty.

Dungeon Overview and Level Annotations

Branches:
Dungeon (3/15)

Altars:
Qazlal


Innate Abilities, Weirdness & Mutations

You cannot be hasted, slowed, berserked, paralysed or teleported.
You can dig through walls and to a lower floor.
You have a pair of large antennae on your head. (SInv)
Your four strong arms can wield two-handed weapons with a shield.


Message History

The gnoll shouts!
The arrow hits the gnoll but does no damage.
The gnoll is heavily wounded.
The gnoll barely misses you. x2
Fire: a) +0 shortbow
Press: ? - help, Q - select action, (/) - cycle Shift-Dir - straight line, f/p - gnoll
Aim: a gnoll, wielding a +2 halberd of venom (heavily wounded, 68% to hit)
You shoot an arrow. The arrow completely misses the gnoll.
The gnoll hits you from afar with a +2 halberd of venom!
You are poisoned.
Found a +0 whip.
You feel very sick. The gnoll closely misses you.
You shoot an arrow. The gnoll bouda shouts!
The arrow hits the gnoll.
The gnoll is almost dead.
You feel very sick.
You shoot an arrow. The arrow hits the gnoll.
You kill the gnoll!
You feel sick.
A kobold comes into view. It is wielding a +0 whip.
The gnoll hits you with a +0 quarterstaff.
* * * LOW HITPOINT WARNING * * *
You have reached level 4!
You feel stronger.
You feel sick.
You feel sick.
You feel sick.
The gnoll bouda barks out a call to the hunt!
You feel sick.
You feel sick.
You feel sick.
You are no longer poisoned.
The gnoll attacks as you move away!
The gnoll hits you with a +0 quarterstaff.
* * * LOW HITPOINT WARNING * * *
There is a stone staircase leading up here.
The gnoll hits you with a +0 quarterstaff.
You die...

.. ###.###
..##.....##
.(.........
..........
....#....### ##
.^#........#####..#
........@..g......
....##..g..#..###
........##g.#.##
........###.#..###
........†.#......# .
.......[....##.g.....
.......##.#..###.....
..........##..$....).
......###.#..)####..K


You could see a gnoll bouda and 2 gnolls.

Vanquished Creatures
  2 gnolls
  A worm (D:2)
  An endoplasm (D:2)
  3 giant cockroaches
  A hobgoblin (D:1)
  4 jackals (D:1)
  3 ball pythons
  5 bats
  2 frilled lizards
  A goblin (D:1)
  2 kobolds (D:2)
  4 rats
29 creatures vanquished.

Notes
Turn   | Place    | Note
-------+----------+-------------------------------------------
     0 | D:1      | CraigForest the Formicid Hunter began the quest for the
                  | Orb.
     0 | D:1      | Reached XP level 1. HP: 16/16 MP: 1/1
   160 | D:1      | Reached XP level 2. HP: 22/22 MP: 2/2
   290 | D:1      | Found a faded altar of an unknown god.
   691 | D:2      | Found a stormy altar of Qazlal.
   946 | D:2      | Reached XP level 3. HP: 28/28 MP: 3/3
  1261 | D:2      | Reached skill level 1 in Shields
  1261 | D:2      | HP: 1/28 [poisoned by a gnoll]
  1405 | D:3      | Reached XP level 4. HP: 9/34 MP: 4/4
  1413 | D:3      | Slain by a gnoll

Illustrated notes

Levels and vault maps discovered:
D:1:      mrwooster_arrival_arrow, layout_loops_ring,
          shapermc_ecumenical_altar_mp_highgroup
D:2:      layout_basic, basic_altar
D:3:      layout_rooms

Skill      XL: |  1  2  3 |
---------------+----------+-----
Shields        | 1 |  1.3
Fighting       | |  2.4
Ranged Weapons | |  4.8
Armour         | |  0.7
Dodging        | |  1.9
Stealth        | |  1.2

Action                     |  1- 3 |  4- 6 || total
---------------------------+-------+-------++-------
   Fire: Shortbow          |    86 |       ||    86
Ability: Dig               |     1 |       ||     1
    Use: Scroll            |     5 |       ||     5
 Armour: Scale mail        |    11 |       ||    11
  Dodge: Dodged            |    29 |       ||    29
  Block: Buckler           |     5 |       ||     5

Table legend: (Time is in decaauts)
 A = Elapsed time spent in this place.
 B = Non-inter-level travel time spent in this place.
 C = Inter-level travel time spent in this place.
 D = Time resting spent in this place.
 E = Time spent auto-exploring this place.
 F = Levels seen in this place.
 G = Mean time per level.
                   A        B        C        D        E       F      G
               +--------+--------+--------+--------+--------+-----+--------+
         Total |   1444 |   1243 |    201 |     81 |    921 |   3 |  481.3 |
       Dungeon |   1444 |   1243 |    201 |     81 |    921 |   3 |  481.3 |
               +--------+--------+--------+--------+--------+-----+--------+

Top non-repeatable levels by time:
     D:2: 711 daAuts
     D:1: 677 daAuts
     D:3: 55 daAuts
